Map: Ruins of Seras

Players

Vatarii

  • Race: Zerg Zerg
  • League: Grandmaster

celphy - Winner!

  • Race: Zerg Zerg
  • League: Grandmaster

VOD

https://www.youtube.com/watch?v=qct-K1w_8lM

Description

I tried Zergs new harassment options with baneling drops on a 4 player map in ZvZ. As I'm not yet sure about a ZvZ unit composition I tried Roach/Ravager/Ultra to some extend.

Time

  • Played on: June 25, 2015, 5:02 a.m.
  • Length: 18:16
Show
View Real Time Build Order
Export as new Build Order

Vatarii Zerg 

Build Orders: Hatch First, Lurkers 

Get SALT Encoding   

  12  0:02  Drone  
  13  0:12  Overlord  
  13  0:18  Drone  
  14  0:31  Drone x2  
  14  0:35  Drone  
  17  0:55  Hatchery  
  16  0:58  Drone  
  16  1:00  Drone  
  18  1:07  Drone  
  19  1:18  Drone  
  20  1:23  Spawning Pool  
  19  1:29  Drone  
  19  1:31  Extractor  
  19  1:39  Drone  
  20  1:50  Overlord  
  20  2:04  Drone  
  21  2:14  Queen x2  
  25  2:16  Zergling x2  
  25  2:18  Drone x2  
  28  2:27  Drone  
  29  2:31  Metabolic Boost  
  29  2:33  Drone  
  29  2:34  Drone  
  30  2:45  Spine Crawler  
  30  2:49  Zergling x4  
  27  3:02  Zergling x2  
  27  3:03  Zergling x4  
  30  3:16  Zergling x6  
  33  3:28  Baneling Nest  
  33  3:31  Overlord  
  32  3:51  Hatchery  
  31  3:59  Zergling x10  
  36  4:14  Overlord  
  36  4:22  Drone  
  37  4:27  Baneling x4  
  37  4:28  Baneling x2  
  20  5:20  Queen  
  20  5:22  Drone x5  
  20  5:23  Drone  
  26  5:31  Evolution Chamber  
  26  5:32  Evolution Chamber  
  23  5:44  Drone  
  23  5:45  Drone x3  
  27  5:52  Zergling x2  
  27  5:55  Zergling x2  
  27  5:56  Zergling x6  
  32  6:01  Spine Crawler  
  32  6:02  Zergling x2  
  32  6:03  Zergling x2  
  32  6:22  Zergling x2  
  32  6:23  Zergling x6  
  36  6:26  Baneling x3  
  36  6:27  Baneling  
  32  7:00  Drone x6  
  32  7:01  Drone x2  
  40  7:09  Zerg Missile Weapons Level 1, Zerg Ground Armor Level 1  
  40  7:13  Drone x2  
  42  7:15  Roach Warren  
  42  7:19  Extractor  
  42  7:21  Extractor  
  39  7:26  Hatchery  
  38  7:35  Zergling x2  
  38  7:36  Zergling x12  
  45  7:39  Baneling  
  43  8:22  Drone x6  
  43  8:23  Drone x2, Spine Crawler  
  43  8:24  Drone  
  51  8:48  Lair  
  51  8:51  Drone x3  
  51  8:54  Queen, Extractor  
  55  8:58  Roach  
  55  9:01  Overlord  
  55  9:02  Overlord x2  
  57  9:22  Drone x3  
  57  9:23  Drone x5  
  65  9:25  Roach x2  
  65  9:26  Roach x2  
  65  9:28  Overlord  
  65  9:29  Overlord  
  73  9:32  Baneling x2  
  73  9:33  Baneling x3  
  68  10:07  Spore Crawler  
  68  10:09  Drone  
  68  10:10  Drone x8  
  68  10:11  Drone x3, Spore Crawler  
  78  10:16  Zerg Ground Armor Level 2, Zerg Missile Weapons Level 2  
  78  10:18  Glial Reconstitution  
  78  10:24  Hydralisk Den  
  77  10:32  Drone x5  
  77  10:33  Drone x3  
  85  10:37  Extractor  
  85  10:40  Extractor  
  83  10:45  Drone x7  
  83  10:48  Overlord  
  90  11:16  Hydralisk  
  90  11:17  Hydralisk x3  
  98  11:20  Overlord x3  
  98  11:25  Lurker Den  
  98  11:41  Hydralisk x8  
  98  11:42  Hydralisk  
  114  11:59  Roach  
  114  12:00  Roach x4  
  84  12:45  Hydralisk x6  
  96  12:58  Lurker x3  
  98  12:59  Lurker  
  98  13:00  Hydralisk  
  98  13:01  Hydralisk  
  89  13:12  Hydralisk  
  89  13:13  Hydralisk  
  93  13:23  Hydralisk  
  93  13:24  Hydralisk x4  
  103  13:27  Extractor  
  103  13:31  Lurker  
  103  13:32  Lurker x4  
  107  13:36  Overlord x2  
  107  13:37  Overlord x2  
  107  13:49  Muscular Augments  
  107  13:53  Hatchery  
  75  14:25  Hydralisk x5  
  75  14:26  Hydralisk x9  
  103  14:32  Overseer  
  103  14:46  Lurker x2  
  105  15:03  Drone  
  105  15:04  Drone x5  
  111  15:07  Queen  
  113  15:15  Hydralisk x2  
  102  16:26  Hydralisk x3  
  102  16:27  Hydralisk x10  
  91  17:07  Hydralisk x4  
  99  17:20  Lurker x6  
  105  17:24  Hatchery, Lurker  
  105  17:30  Hydralisk  
  107  17:40  Extractor  
Show
View Real Time Build Order
Export as new Build Order

celphy Zerg - Winner!

Build Orders: Pool First 

Get SALT Encoding   

  12  0:04  Drone  
  13  0:12  Drone  
  14  0:16  Extractor  
  14  0:17  Drone  
  14  0:33  Spawning Pool  
  13  0:37  Drone  
  14  0:48  Overlord  
  14  0:56  Extractor  
  13  0:57  Drone  
  15  1:23  Metabolic Boost, Queen  
  17  1:28  Zergling x4  
  17  1:30  Zergling x2  
  20  1:43  Baneling Nest  
  19  1:50  Zergling x4  
  21  2:10  Zergling x2  
  22  2:30  Overlord  
  21  3:01  Drone x5  
  26  3:15  Hatchery  
  25  3:27  Drone  
  25  3:28  Drone x2  
  25  3:30  Queen  
  25  3:33  Baneling x3  
  25  3:34  Baneling  
  30  3:41  Overlord  
  30  3:55  Overlord  
  30  4:03  Roach Warren  
  30  4:05  Evolution Chamber  
  30  4:06  Drone  
  28  4:36  Zergling x14  
  32  4:53  Baneling x2  
  32  4:54  Baneling  
  24  5:12  Drone x2  
  24  5:13  Drone x2  
  19  5:24  Queen  
  19  5:25  Zergling x2  
  19  5:26  Zergling x8  
  26  5:37  Zerg Missile Weapons Level 1  
  26  5:39  Drone  
  26  5:41  Drone  
  28  5:51  Drone x3  
  28  5:55  Drone  
  32  6:06  Lair  
  32  6:16  Drone  
  32  6:17  Drone x2  
  35  6:24  Zergling x2  
  35  6:25  Zergling x6  
  39  6:27  Zergling x2  
  39  6:29  Baneling x2  
  35  6:55  Zergling x2  
  35  6:56  Zergling x14  
  35  6:57  Zergling x2  
  44  7:03  Overlord  
  44  7:05  Glial Reconstitution  
  44  7:08  Overlord  
  44  7:23  Drone x3  
  44  7:27  Drone  
  48  7:31  Zerg Missile Weapons Level 2  
  48  7:36  Drone x3  
  48  7:37  Drone x3  
  49  7:47  Drone x4  
  52  7:59  Drone x2  
  54  8:06  Roach x2  
  54  8:12  Overlord  
  58  8:14  Pneumatized Carapace  
  58  8:18  Overlord x2  
  58  8:33  Hatchery  
  57  8:35  Roach x4  
  57  8:36  Roach  
  57  8:40  Extractor  
  66  8:42  Extractor  
  66  8:43  Spore Crawler  
  66  8:47  Spine Crawler  
  63  8:52  Queen  
  65  8:56  Roach  
  67  9:19  Baneling  
  67  9:20  Baneling  
  67  9:25  Baneling  
  67  9:27  Baneling  
  67  9:33  Extractor  
  67  9:35  Drone x11  
  67  9:36  Overlord x3  
  76  9:47  Drone x2  
  76  9:48  Roach x2  
  76  9:49  Roach x3  
  81  10:00  Roach x3  
  81  10:01  Roach  
  89  10:09  Roach x3  
  89  10:12  Roach  
  97  10:15  Extractor  
  97  10:18  Drone  
  97  10:19  Drone x2  
  99  10:23  Drone  
  99  10:24  Drone  
  99  10:27  Drone  
  102  10:34  Roach  
  102  10:35  Roach x5  
  114  10:39  Overseer  
  114  10:45  Overlord  
  114  10:46  Overlord x2  
  114  10:52  Infestation Pit  
  114  10:55  Ravager  
  114  10:58  Overlord x2  
  114  11:09  Roach  
  114  11:10  Roach  
  118  11:11  Ravager  
  118  11:12  Ravager x2  
  121  11:18  Ravager  
  121  11:19  Hatchery  
  121  11:20  Roach  
  121  11:21  Overlord x2  
  121  11:25  Queen  
  123  11:32  Zergling x8  
  129  11:45  Drone  
  129  11:46  Drone x3  
  131  12:06  Baneling x2  
  131  12:07  Baneling x2  
  119  12:47  Roach x12  
  119  12:48  Roach x11  
  163  12:59  Spore Crawler, Spine Crawler  
  159  13:08  Ravager x2  
  159  13:09  Ravager x6  
  159  13:10  Ravager  
  159  13:12  Overlord x2  
  168  13:20  Drone x3  
  168  13:21  Extractor  
  168  13:22  Drone x3, Extractor  
  168  13:24  Drone x4  
  176  13:30  Hive  
  176  13:31  Roach x5  
  186  13:35  Ravager  
  186  13:39  Overseer  
  187  13:49  Drone  
  187  13:50  Drone x2  
  187  13:52  Zergling x4  
  187  13:54  Overlord x2  
  156  14:21  Roach x5  
  156  14:22  Roach x10  
  142  14:42  Ultralisk Cavern  
  141  14:48  Baneling x4  
  141  14:57  Zerg Melee Weapons Level 1  
  139  15:41  Chitinous Plating  
  139  15:42  Ultralisk x6  
  175  15:45  Roach x6  
  184  16:03  Overseer x2  
  182  16:14  Ravager  
  182  16:15  Ravager x4, Roach  
  182  16:17  Overlord x3  
  144  16:42  Overseer x3  
  144  16:44  Roach  
  144  16:45  Roach x12  
  165  16:59  Roach x3  
  165  17:00  Roach  
  173  17:02  Queen  
  173  17:04  Evolution Chamber  
  174  17:15  Hatchery  
  174  17:19  Roach x10  
  174  17:20  Roach x3  
  199  17:29  Overseer  
  199  17:30  Overseer  
  199  17:40  Spire  
Tags
 
Add a new tag
Caveats
  • Supply blocks, unpowered buildings, or Contaminate may cause inaccurate times.
  • Supply counts are checked every 10 seconds.